 Dungeon Crawl Stone Soup version 0.30-a0-341-g682706514a (webtiles) character file.

Game seed: 9066729351550402502

125 LnG the Caller (level 5, 0/43 HPs)
             Began as a Kobold Summoner on Nov 3, 2022.
             Succumbed to an adder's poison
             ... on level 4 of the Dungeon.
             The game lasted 00:08:44 (3488 turns).

LnG the Caller (Kobold Summoner)                    Turns: 3488, Time: 00:08:45

Health: 0/43       AC:  2    Str:  3 (5)  XL:     5   Next: 30%
Magic:  7/9        EV: 19    Int: 17 (18) God:
Gold:   155        SH:  0    Dex: 14 (16) Spells: 1/10 levels left

rFire   . . .      SeeInvis .    e - +0 short sword
rCold   . . .      Faith    .    (no shield)
rNeg    . . .      Spirit   .    a - +0 robe
rPois   .          Reflect  .    (no helmet)
rElec   .          Harm     .    (no cloak)
rCorr   .          Rampage  .    (no gloves)
Will    .....                    (no boots)
Stlth   ..........               (no amulet)
HPRegen 0.27/turn                k - +4 ring of evasion
MPRegen 0.11/turn                (no ring)

@: berserking, lethally poisoned (0 -> -7), very quick
A: small, no large weapons, nightstalker 3
a: no special abilities


You were on level 4 of the Dungeon.
You visited 1 branch of the dungeon, and saw 4 of its levels.

You collected 155 gold pieces.

Inventory:

Hand Weapons
 e - a +0 short sword (weapon)
Armour
 a - a +0 robe (worn)
Jewellery
 k - a +4 ring of evasion (left hand)
Scrolls
 d - a scroll of fog
 f - a scroll of amnesia {unknown}
 g - a scroll of identify {unknown}
 h - a scroll of fear {unknown}
 i - a scroll of immolation {unknown}
 l - a scroll of vulnerability
 m - a scroll of teleportation {unknown}
Potions
 b - 3 potions of magic
 c - a potion of degeneration


   Skills:
 + Level 1.0 Fighting
 + Level 1.7 Short Blades
 * Level 3.4 Dodging
 * Level 3.9 Stealth
 + Level 3.0 Spellcasting
 + Level 4.6 Summonings


You had one spell level left.
You knew the following spells:

 Your Spells              Type           Power      Damage    Failure   Level
a - Summon Small Mammal   Summ           72%        N/A       2%          1
b - Call Imp              Summ           18%        N/A       4%          2
c - Call Canine Familiar  Summ           18%        N/A       8%          3
d - Summon Guardian Gole  Hex/Summ       10%        N/A       21%         3

Your spell library contained the following spells:

 Spells                   Type           Power      Damage    Failure   Level
 Portal Projectile        Hex/Tloc       4%         N/A       45%         3
 Tukima's Dance           Hex            2%         N/A       45%         3
 Summon Lightning Spire   Summ/Air       10%        N/A       56%         4
 Leda's Liquefaction      Hex/Erth       1%         N/A       86%         4
 Passage of Golubria      Tloc           2%         N/A       86%         4
 Yara's Violent Unravell  Hex/Tmut       1%         3d3       99%         5


Dungeon Overview and Level Annotations

Branches:
Dungeon (4/15)
 Temple: D:4-7

Altars:
Cheibriados


Innate Abilities, Weirdness & Mutations

You are small and have problems with some larger weapons.
You are completely attuned to the shadows.


Message History

Your hound barely misses the adder.
You hit the adder.
The adder is severely wounded.
You feel sick. The adder closely misses you.
Your hound closely misses the adder.
The adder barely misses you.
You barely miss the adder.
The adder is severely wounded.
You feel sick.
Your hound barely misses the adder.
The endoplasm freezes you.
You are frozen.
The adder bites you.
Your hound misses the adder. You closely miss the adder.
The adder is severely wounded.
You feel sick.
Your hound misses the adder. The adder bites you.
You are more poisoned.
The adder poisons you! The endoplasm freezes you.
You are frozen.
* * * LOW HITPOINT WARNING * * *
You feel sick.
Your hound closely misses the adder.
The adder bites you.
* * * LOW HITPOINT WARNING * * *
You are more poisoned.
The adder poisons you!
Your hound barely misses the adder.
The adder bites you.
* * * LOW HITPOINT WARNING * * *
The endoplasm attacks as you move away! The endoplasm misses you.
* * * LOW HITPOINT WARNING * * *
You feel very sick.
Your hound bites the adder.
The endoplasm misses your hound. The adder bites your hound.
It was a potion of degeneration.
There was something very wrong with that liquid.
You feel weakened.
You feel dopey.
You feel clumsy.
* * * LOW HITPOINT WARNING * * *
You feel sick.
Your hound bites the adder.
The adder dies!
The endoplasm hits your hound but does no damage.
Your hound bites the endoplasm.
It was a potion of berserk rage.
A red film seems to cover your vision as you go berserk!
You feel yourself moving faster!
You feel mighty!
You die...

.............>#
#####.########.#
.......# #.#
.......# #.#
.......# #.#
.......# #.#
.......# #.#
....J..#### #.#
#...†h@.... #.#
#.......... #.#
#.......... #.#
........... #.#
###.##### #.#
#.# #.# #.#
########### #.#
######.#


You could see an endoplasm (distracted, ally target) and a friendly hound
(summoned).

Vanquished Creatures
  An adder (D:3)
  A worm (D:3)
  A dart slug (D:1)
  An orc (D:3)
  4 ball pythons
  4 bats
  2 endoplasms
  3 giant cockroaches
  A goblin (D:2)
  2 jackals (D:1)
  A kobold (D:2)
  2 frilled lizards (D:3)
  A rat (D:3)
24 creatures vanquished.

Vanquished Creatures (collateral kills)
  An iron imp (D:3)
  3 adders
  A dart slug (D:1)
  An orc (D:3)
  2 ball pythons
  2 endoplasms (D:1)
  A goblin (D:1)
  3 hobgoblins (D:1)
  2 jackals (D:1)
  A quokka (D:1)
  2 bats
  4 frilled lizards
  2 kobolds (D:2)
  3 rats (D:1)
28 creatures vanquished.

Grand Total: 52 creatures vanquished

Notes
Turn   | Place    | Note
-------+----------+-------------------------------------------
     0 | D:1      | LnG the Kobold Summoner began the quest for the Orb.
     0 | D:1      | Reached XP level 1. HP: 10/10 MP: 3/3
   143 | D:1      | Reached XP level 2. HP: 15/15 MP: 1/5
   148 | D:1      | Learned a level 2 spell: Call Imp
   690 | D:1      | Reached XP level 3. HP: 16/19 MP: 3/6
  1460 | D:1      | Learned a level 3 spell: Call Canine Familiar
  2266 | D:2      | Reached XP level 4. HP: 11/24 MP: 4/8
  2963 | D:3      | Reached skill level 1 in Short Blades
  3071 | D:3      | Found a snail-covered altar of Cheibriados.
  3104 | D:3      | Reached skill level 1 in Fighting
  3104 | D:3      | Reached XP level 5. HP: 10/29 MP: 4/9
  3108 | D:3      | Learned a level 3 spell: Summon Guardian Golem
  3487 | D:4      | HP: 1/29 [poisoned by an adder]
  3488 | D:4      | Succumbed to an adder's poison

Illustrated notes

Levels and vault maps discovered:
D:1:      dpeg_arrival_tiny_h, layout_basic
D:2:      layout_basic
D:3:      layout_basic, slow_altar_2
D:4:      layout_basic, yredelemnul_altar_generic, tgw_kikubaaqudgha,
          enter_ossuary_5

Skill      XL: |  1  2  3  4 |
---------------+-------------+-----
Stealth        | 3 |  3.9
Dodging        | 3 |  3.4
Short Blades   | 1 |  1.7
Fighting       | 1 |  1.0
Spellcasting   | 3 |  3.0
Summonings     | |  4.6

Action                   |  1- 3 |  4- 6 || total
-------------------------+-------+-------++-------
Melee: Unarmed           |    90 |       ||    90
       Punch             |     1 |       ||     1
       Short sword       |    28 |    77 ||   105
 Cast: Summon Small Mamm |    16 |       ||    16
       Call Imp          |    10 |     1 ||    11
       Call Canine Famil |     2 |     6 ||     8
  Use: Scroll            |       |     2 ||     2
       Potion            |       |     2 ||     2
 Stab: Distracted        |     3 |       ||     3
       Sleeping          |     3 |     7 ||    10
Armor: Robe              |    15 |     9 ||    24
Dodge: Dodged            |   119 |    49 ||   168

Table legend: (Time is in decaauts)
 A = Elapsed time spent in this place.
 B = Non-inter-level travel time spent in this place.
 C = Inter-level travel time spent in this place.
 D = Time resting spent in this place.
 E = Time spent auto-exploring this place.
 F = Levels seen in this place.
 G = Mean time per level.
                   A        B        C        D        E       F      G
               +--------+--------+--------+--------+--------+-----+--------+
         Total |   3484 |   3435 |     49 |     17 |   2904 |   4 |  871.0 |
       Dungeon |   3484 |   3435 |     49 |     17 |   2904 |   4 |  871.0 |
               +--------+--------+--------+--------+--------+-----+--------+

Top non-repeatable levels by time:
     D:1: 1459 daAuts
     D:3: 1034 daAuts
     D:2: 913 daAuts
     D:4: 76 daAuts
